 Dungeon Crawl Stone Soup version 0.25-a0-294-gea9b1ad (webtiles) character file.

Game seed: 14474205666207171944, levelgen mode: deterministic

1327 EonDragon20 the Transmogrifier (level 8, 0/54 HPs)
             Began as a Merfolk Transmuter on Dec 16, 2019.
             Slain by a killer bee (9 damage)
             ... on level 7 of the Dungeon.
             The game lasted 00:20:13 (6562 turns).

EonDragon20 the Transmogrifier (Merfolk Transmuter) Turns: 6562, Time: 00:20:14

Health: 0/54       AC:  2    Str: 10    XL:     8   Next: 60%
Magic:  12/15      EV: 20    Int: 14    God:
Gold:   316        SH:  0    Dex: 20    Spells: 6/16 levels left

rFire    . . .     SeeInvis .     - Unarmed
rCold    . . .     Gourm    .   (shield currently unavailable)
rNeg     . . .     Faith    .   (armour currently unavailable)
rPois    x         Spirit   .   (helmet currently unavailable)
rElec    .         Reflect  .   (cloak currently unavailable)
rCorr    .         Harm     .   (gloves currently unavailable)
MR       .....                  (boots currently unavailable)
Stlth    ++........             (no amulet)
HPRegen  0.18/turn              (no ring)
MPRegen  0.14/turn              (no ring)

@: lethally poisoned (0 -> -36), spider-form (expiring), very slightly
contaminated, lightly drained
A: tiny, (change form in water), (swift swim), (stealthy swim)
a: End Transformation


You were on level 7 of the Dungeon.
You were very hungry.
You were a venomous arachnid creature.
You visited 2 branches of the dungeon, and saw 8 of its levels.

You collected 316 gold pieces.

Inventory:

Missiles
 a - 154 arrows
Armour
 b - a +2 robe (melded)
 g - a +0 cloak (melded)
 n - a +1 helmet of intelligence (melded)
Jewellery
 l - an uncursed ring of magical power {unknown}
Wands
 q - a wand of enslavement (3)
Scrolls
 f - 3 scrolls of remove curse
 i - 2 scrolls of amnesia
 p - a scroll of enchant weapon
 s - a scroll of fear
Potions
 c - 6 potions of curing
 e - a potion of heal wounds {unknown}
 h - a potion of magic {unknown}
 j - 3 potions of lignification
 k - a potion of resistance {unknown}
 m - a potion of degeneration {unknown}
 o - a potion of berserk rage {unknown}
 r - a potion of flight {unknown}
 t - a potion of haste {unknown}
Comestibles
 d - 11 rations


   Skills:
 - Level 1.1(0.9) Fighting
 - Level 2.6(2.4) Dodging
 + Level 6.5(6.3) Unarmed Combat
 + Level 4.9(4.7) Spellcasting
 * Level 9.7(9.5) Transmutations


You had 6 spell levels left.
You knew the following spells:

 Your Spells              Type           Power        Failure   Level  Hunger
a - Beastly Appendage     Tmut           ####..       3%          1    None
b - Sticks to Snakes      Tmut           ####....     3%          2    ##.....
c - Spider Form           Tmut/Pois      ###.......   21%         3    ###....
d - Ice Form              Ice/Tmut       ###.....     47%         4    ####...

Your spell library contained the following spells:

 Spells                   Type           Power        Failure   Level  Hunger
 Blade Hands              Tmut           ####......   24%         5    ######.


Dungeon Overview and Level Annotations

Branches:
Dungeon (7/15)             Temple (1/1) D:4

Altars:
Ashenzari
Cheibriados
Dithmenos
Elyvilon
Fedhas
Gozag
Makhleb
Okawaru
Qazlal
Trog
Uskayaw
Vehumet
Wu Jian
Xom
Zin
The Shining One

Shops:
D:5 }

Annotations:
D:6 2 runed translucent doors, domi's ghost, novice MfGl


Message History

The killer bee poisons you!
You feel sick. The killer bee stings you.
You are more poisoned.
The killer bee poisons you! The killer bee stings you!
You feel very sick. The killer bee stings you.
You are lethally poisoned!
The killer bee poisons you! The killer bee barely misses you.
You feel very sick. The killer bee stings you!
The killer bee closely misses you.
* * * LOW HITPOINT WARNING * * *
You feel very sick. The killer bee misses you.
* * * LOW HITPOINT WARNING * * *
You feel very sick. The killer bee completely misses you.
The killer bee closely misses you.
* * * LOW HITPOINT WARNING * * *
You feel very sick. The killer bee stings you!
You die...

.................#
#................#
..........##.....#
.........##......########
.........##.........#....
........######......#....
.......y# ####.##..##...
.#.....y####.#..#..###...
##..#..s.......#...##...
#####...<#.#...........
##...####...##..... #>..#
#..#....... #...#
#.......... ##...
>...........
###...#.....##...
...#....#..... ##......
...##


You could see 2 killer bees.

Vanquished Creatures
  Edmund (D:4)
  Duvessa (D:5)
  A phantom (D:6)
  2 centaurs (D:5)
  An ogre (D:6)
  Dowan (D:5)
  A howler monkey (D:4)
  2 jellies (D:6)
  2 crimson imps
  A bullfrog zombie (D:5)
  2 bullfrog skeletons
  A gnoll shaman (D:2)
  A hound (D:6)
  2 orc wizards
  An iguana (D:4)
  3 worker ants
  7 adders
  4 gnolls
  A shadow imp (D:4)
  2 oozes
  An adder zombie (D:6)
  5 worms
  A dart slug (D:1)
  4 leopard geckos
  10 orcs
  5 giant cockroaches
  6 hobgoblins
  2 jackals (D:6)
  11 kobolds
  4 quokkas
  2 ball pythons
  11 bats
  6 frilled lizards
  6 goblins
  13 rats
124 creatures vanquished.

Vanquished Creatures (others)
  An adder (D:5)
1 creature vanquished.

Grand Total: 125 creatures vanquished

Notes
Turn   | Place    | Note
-------+----------+-------------------------------------------
     0 | D:1      | EonDragon20 the Merfolk Transmuter began the quest for the
                  | Orb.
     0 | D:1      | Reached XP level 1. HP: 15/15 MP: 3/3
    76 | D:1      | Reached skill level 3 in Transmutations
   532 | D:1      | Reached XP level 2. HP: 21/21 MP: 3/5
   603 | D:1      | Learned a level 2 spell: Sticks to Snakes
   856 | D:1      | Reached XP level 3. HP: 26/26 MP: 4/6
   978 | D:1      | Learned a level 3 spell: Spider Form
  1376 | D:2      | Reached skill level 4 in Transmutations
  1632 | D:2      | Reached XP level 4. HP: 25/32 MP: 5/7
  1977 | D:2      | Reached XP level 5. HP: 28/37 MP: 5/9
  2060 | D:3      | Reached skill level 5 in Transmutations
  2473 | D:3      | Found a snail-covered altar of Cheibriados.
  2997 | D:4      | Noticed Edmund
  3051 | D:4      | Reached XP level 6. HP: 43/43 MP: 6/10
  3060 | D:4      | Reached skill level 6 in Transmutations
  3200 | D:4      | Killed Edmund
  3200 | D:4      | Reached skill level 5 in Unarmed Combat
  3551 | D:4      | Reached XP level 7. HP: 41/48 MP: 5/12
  3579 | D:4      | Learned a level 4 spell: Ice Form
  3610 | D:4      | Reached skill level 7 in Transmutations
  4132 | D:4      | Found a staircase to the Ecumenical Temple.
  4158 | Temple   | Entered the Ecumenical Temple
  4461 | D:5      | Entered Level 5 of the Dungeon
  4651 | D:5      | Found Niqidume's Gadget Boutique.
  4740 | D:5      | Noticed a moth of wrath
  4742 | D:5      | Found a bloodstained altar of Trog.
  5100 | D:5      | Noticed Duvessa
  5100 | D:5      | Noticed Dowan
  5157 | D:5      | Killed Duvessa
  5157 | D:5      | Reached skill level 8 in Transmutations
  5160 | D:5      | Killed Dowan
  5217 | D:5      | Reached XP level 8. HP: 42/54 MP: 11/14
  5541 | D:6      | Reached skill level 9 in Transmutations
  6358 | D:6      | Found a runed translucent door.
  6361 | D:6      | Noticed domi's ghost (novice MfGl)
  6382 | D:6      | Found a runed translucent door.
  6552 | D:7      | Found a radiant altar of Vehumet.
  6562 | D:7      | Slain by a killer bee

Levels and vault maps discovered:
D:1:      ncdulo_halloftheorcs, layout_rooms, chequers_garden
D:2:      layout_basic, first_ration
D:3:      layout_rooms, cheibriados_altar_1, minmay_misc_feat_columns,
          supply_closet_lemuel
D:4:      minmay_spotlight, layout_loops_ring, temple_green,
          minmay_strange_pillars, uniq_edmund
D:5:      layout_cave_pods, serial_shops, shop, minmay_misc_feat_diagonals,
          tgw_trog, uniq_duvessa
D:6:      layout_basic, ebering_ghost_sewer_f
D:7:      layout_cave_pools, lemuel_doored_altar,
          gammafunk_temple_overflow_claw, lemuel_coloured_pillars_altar,
          serial_column_ruins, column_ruins_hut_ruined,
          column_ruins_columns_straight, column_ruins_grid_1,
          column_ruins_grid_1, minmay_misc_feat_rugged
Temple:   nicolae_temple_figure_eight

Skill      XL: |  1  2  3  4  5  6  7  8 |
---------------+-------------------------+-----
Transmutations | 3 4 5 6 8 9 |  9.7
Unarmed Combat | 4 5 6 |  6.5
Spellcasting   | 3 4 |  4.9
Fighting       | |  1.1
Dodging        | |  2.6

Action                   |  1- 3 |  4- 6 |  7- 9 || total
-------------------------+-------+-------+-------++-------
Melee: Unarmed           |   104 |   139 |   157 ||   400
       Headbutt          |     4 |       |       ||     4
 Cast: Beastly Appendage |    20 |     5 |       ||    25
       Spider Form       |     4 |    16 |    19 ||    39
  Use: Scroll            |     7 |     3 |     2 ||    12
 Stab: Sleeping          |     3 |     1 |       ||     4
  Eat: Chunk             |     3 |     9 |    10 ||    22
Armor: Robe              |    20 |     8 |    16 ||    44
       Skin              |       |     8 |     6 ||    14
Dodge: Dodged            |    78 |   122 |   133 ||   333

Table legend:
 A = Non-vault XP
 B = Vault XP
 C = Vault XP percentage of total XP
 D = Non-vault monster count
 E = Vault monster count
 F = Vault count percentage of total count
                 A         B        C        D         E       F
            +---------+---------+-------+---------+---------+-------
      Total |    1438 |     458 |  24.2 |     113 |      11 |   8.9
            +---------+---------+-------+---------+---------+-------
        D:1 |      44 |       0 |   0.0 |      24 |       0 |   0.0
        D:2 |     128 |       0 |   0.0 |      24 |       0 |   0.0
        D:3 |     146 |       0 |   0.0 |      30 |       0 |   0.0
        D:4 |     191 |     236 |  55.3 |      12 |       4 |  25.0
        D:5 |     338 |     222 |  39.6 |       6 |       7 |  53.8
        D:6 |     548 |       0 |   0.0 |      16 |       0 |   0.0
        D:7 |      43 |       0 |   0.0 |       1 |       0 |   0.0
            +---------+---------+-------+---------+---------+-------
